 Dungeon Crawl Stone Soup version 0.17-a0-986-gf45d1aa (webtiles) character file.

5118 Raurakos the Martial Artist (level 10, -4/49 HPs)
             Began as a Vine Stalker Monk on May 11, 2015.
             Was a Priest of Makhleb.
             Slain by a wolf spider zombie (5 damage)
             ... on level 10 of the Dungeon.
             The game lasted 00:38:31 (9163 turns).

Raurakos the Martial Artist (Vine Stalker Monk)     Turns: 9163, Time: 00:38:33

Health: -4/49      AC:  6    Str: 15    XL:     10   Next: 58%
Magic:  0/14       EV: 22    Int: 10    God:    Makhleb [***...]
Gold:   393        SH:  0    Dex: 23    Spells: 0 memorised, 9 levels left

rFire  + . .     SeeInvis .       - Unarmed
rCold  . . .     Clarity  .     q - +0 leather armour
rNeg   . . .     SustAb   .     (no shield)
rPois  .         Gourm    .     (no helmet)
rElec  .         Spirit   +     y - +0 cloak
rCorr  .         Warding  .     (no gloves)
rMut   .         Stasis   .     J - +1 pair of boots
MR     +....                    (no amulet)
Stlth  ++........               s - +4 ring of dexterity
                                M - ring of protection from fire

@: somewhat resistant to hostile enchantments, unstealthy
A: fangs 3, regeneration 2, magic shield, antimagic bite, no device heal 3, rot
immunity
a: Minor Destruction, Lesser Servant of Makhleb, Renounce Religion


You were on level 10 of the Dungeon.
You worshipped Makhleb.
Makhleb was most pleased with you.
You were hungry.

You visited 2 branches of the dungeon, and saw 11 of its levels.

You collected 393 gold pieces.

Inventory:

Missiles
 c - 47 stones (quivered)
 u - a throwing net
Armour
 q - a +0 leather armour (worn)
 y - a +0 cloak (worn)
 J - a +1 pair of boots (worn)
Jewellery
 g - a +3 ring of intelligence
 s - a +4 ring of dexterity (right hand)
 M - a ring of protection from fire (left hand)
Magical devices
 k - a wand of magic darts (18)
 w - a wand of disintegration (5)
 x - a wand of magic darts (23)
 G - a wand of slowing (15)
 K - a wand of cold (5)
 P - a wand of hasting (5)
 R - a wand of digging (11)
Scrolls
 a - 2 scrolls of enchant weapon
 h - 2 scrolls of amnesia
 i - a scroll of blinking {unknown}
 n - 6 scrolls of remove curse
 p - 5 scrolls of enchant armour
 v - 3 scrolls of random uselessness {unknown}
 A - 3 scrolls of recharging {unknown}
 C - 5 scrolls of noise {unknown}
 D - 5 scrolls of teleportation {unknown}
 I - a scroll of magic mapping {unknown}
 O - a scroll of fog {unknown}
Potions
 d - 3 potions of agility
 e - 3 potions of flight
 f - 3 potions of curing
 j - a potion of cancellation {unknown}
 m - a potion of magic {unknown}
 o - 4 potions of might
 t - a potion of resistance {unknown}
 z - a potion of lignification {unknown}
 E - a potion of beneficial mutation {unknown}
 F - 2 potions of invisibility
 N - a potion of brilliance {unknown}
Books
 Q - a book of Death

   Spells                             Type                      Level
   a - Corpse Rot                     Necromancy                   2
   b - Sublimation of Blood           Necromancy                   2
   c - Agony                          Necromancy                   5
   d - Dispel Undead                  Necromancy                   5
   e - Excruciating Wounds            Charms/Necromancy            5
   f - Bolt of Draining               Conjuration/Necromancy       5
Comestibles
 b - 10 bread rations
 l - 2 slices of pizza
 r - 4 meat rations
 B - 2 beef jerkies


   Skills:
 + Level 3.2 Fighting
 - Level 10.0 Dodging
 - Level 2.4 Stealth
 - Level 10.0 Unarmed Combat
 - Level 4.0 Invocations


You had 9 spell levels left.
You didn't know any spells.

Dungeon Overview and Level Annotations

Branches:
Dungeon (10/15)            Temple (1/1) D:6
   Lair: D:8-11         Orc: D:9-12

Altars:
Ashenzari
Cheibriados
Elyvilon
Fedhas
Gozag
Kikubaaqudgha
Makhleb
Okawaru
Qazlal
Ru
Trog
Vehumet
Xom
Yredelemnul
The Shining One

Shops:
D:7 [


Innate Abilities, Weirdness & Mutations

You have razor-sharp teeth.
You heal very quickly.
When hurt, damage is shared between your health and your magic reserves.
Your bite disrupts and absorbs the magic of your enemies.
Potions and wands cannot restore your health.
You are immune to rotting.


Message History

The wolf spider zombie barely misses you.
You punch the wolf spider zombie!
You bite the wolf spider zombie, but do no damage.
The wolf spider zombie misses you. The wolf spider zombie bites you.
You barely miss the wolf spider zombie.
Your bite misses the wolf spider zombie.
The wolf spider zombie closely misses you.
The wolf spider zombie misses you.
You punch the wolf spider zombie! You bite the wolf spider zombie!
You drain its power.
You feel invigorated. The wolf spider zombie hits you!!
* * * LOW HITPOINT WARNING * * *
The wolf spider zombie bites you.
* * * LOW HITPOINT WARNING * * *
Use which ability? (? or * to list)
A demon appears!
You feel slightly more hungry. The wolf spider zombie hits you!
* * * LOW HITPOINT WARNING * * *
The wolf spider zombie barely misses you.
The wolf spider zombie hits you!
You die...

##.##.# ##.## #.. #.#
##.### ############.#
#.# #............#
..# #.############
#.# #.# #.# #.# #.#
####3##### #<######..
#$...@Z..#
#............##.###.#
########.... #.# #
#.# #.# # # #.# #..
###


You could see a wolf spider zombie and a friendly smoke demon.

Vanquished Creatures
  The ghost of Githyanki the Cleaver, an experienced DDFi of Makhleb (D:8)
  A troll (D:9)
  A spriggan (D:7)
  A deep elf mage (D:9)
  A hungry ghost (D:7)
  Menkaure (D:7)
  2 wolves (D:8)
  A water moccasin (D:5)
  2 black bears
  5 ogres
  3 centaurs
  A phantom (D:10)
  A necrophage (D:8)
  4 giant frogs
  A wyvern zombie (D:6)
  2 wyvern skeletons
  A water moccasin skeleton (D:6)
  4 scorpions
  A vampire bat (D:4)
  11 killer bees
  3 wights (D:8)
  A quasit (D:4)
  4 crimson imps
  A giant frog zombie (D:8)
  2 hounds
  A centaur skeleton (D:5)
  An orc wizard (D:5)
  2 giant frog skeletons
  2 jellies
  6 worker ants
  Terence (D:3)
  2 iguanas
  A killer bee zombie (D:7)
  A hound skeleton (D:8)
  Robin (D:2)
  10 adders
  3 gnolls (D:3)
  A shadow imp (D:9)
  An ooze (D:3)
  2 adder skeletons
  An adder zombie (D:5)
  4 worms
  3 fire bats (D:4)
  4 giant geckos
  21 orcs
  2 spectral bats (D:4)
  21 bats
  A bat simulacrum (D:4)
  4 bat skeletons
  2 bat zombies
  4 giant cockroaches
  15 hobgoblins
  9 jackals
  3 quokkas
  2 ball pythons
  A giant gecko skeleton (D:7)
  6 giant newts
  A giant spore (D:9)
  30 goblins
  12 kobolds
  20 rats
  10 ballistomycetes (D:9)
267 creatures vanquished.

Vanquished Creatures (collateral kills)
  Grum (D:8)
1 creature vanquished.

Grand Total: 268 creatures vanquished

Notes
Turn   | Place    | Note
--------------------------------------------------------------
     0 | D:1      | Raurakos the Vine Stalker Monk began the quest for the Orb.
     0 | D:1      | Reached XP level 1. HP: 11/11 MP: 2/2
   126 | D:1      | Reached XP level 2. HP: 14/16 MP: 3/3
   753 | D:1      | Reached XP level 3. HP: 16/19 MP: 2/4
   946 | D:2      | Reached skill level 5 in Unarmed Combat
  1161 | D:2      | Noticed Robin
  1167 | D:2      | Killed Robin
  1274 | D:2      | Reached XP level 4. HP: 23/23 MP: 5/5
  2173 | D:3      | Noticed Terence
  2479 | D:3      | Killed Terence
  2479 | D:3      | Reached skill level 6 in Unarmed Combat
  2479 | D:3      | Reached XP level 5. HP: 27/27 MP: 6/6
  2744 | D:3      | Found a stormy altar of Qazlal.
  2942 | D:4      | Reached skill level 7 in Unarmed Combat
  3018 | D:4      | Gained mutation: You heal very quickly. [Vine Stalker growth]
  3018 | D:4      | Reached XP level 6. HP: 32/32 MP: 7/7
  3376 | D:4      | Reached skill level 8 in Unarmed Combat
  3404 | D:4      | Reached XP level 7. HP: 25/35 MP: 6/8
  3618 | D:5      | Entered Level 5 of the Dungeon
  3983 | D:5      | Reached skill level 9 in Unarmed Combat
  4306 | D:5      | Gained mutation: You have razor-sharp teeth. [Vine Stalker growth]
  4306 | D:5      | Reached XP level 8. HP: 39/39 MP: 9/9
  4318 | D:5      | Reached skill level 10 in Unarmed Combat
  5257 | D:6      | Found a staircase to the Ecumenical Temple.
  5275 | Temple   | Entered the Ecumenical Temple
  5283 | Temple   | Became a worshipper of Makhleb the Destroyer
  5283 | Temple   | Acquired Makhleb's first power
  5283 | Temple   | Acquired Makhleb's second power
  5355 | D:6      | Reached skill level 5 in Dodging
  5730 | D:7      | Reached skill level 1 in Invocations
  5753 | D:7      | Found Haynuss's Armour Shoppe.
  5896 | D:7      | Reached XP level 9. HP: 37/43 MP: 12/12
  5910 | D:7      | Noticed Menkaure
  5918 | D:7      | Killed Menkaure
  6078 | D:7      | Found a snail-covered altar of Cheibriados.
  6233 | D:7      | Found a bloodstained altar of Trog.
  6448 | D:8      | Found a shimmering altar of Xom.
  6548 | D:8      | Noticed Githyanki's ghost (experienced DDFi)
  6899 | D:8      | Noticed Grum
  7160 | D:9      | Acquired Makhleb's third power
  7501 | D:4      | Reached XP level 10. HP: 29/47 MP: 10/13
  7722 | D:4      | Found a white marble altar of Elyvilon.
  7846 | D:8      | Killed Grum
  7913 | D:8      | Killed Githyanki's ghost
  7956 | D:8      | Found a basalt altar of Yredelemnul.
  8485 | D:9      | Found an iron altar of Okawaru.
  8492 | D:9      | Found an opulent altar of Gozag.
  8661 | D:9      | Reached skill level 10 in Dodging
  9047 | D:10     | Entered Level 10 of the Dungeon
  9163 | D:10     | HP: 1/49 [wolf spider zombie (3)]
  9163 | D:10     | Slain by a wolf spider zombie

Vault maps used:
D:1:      minmay_arrival_shattered_statue, minivault_11
D:2:      grunt_decor_one_mirror, kennysheep_minor_cross, uniq_robin
D:3:      nicolae_qazlal_general_emergency, first_bread, uniq_terence
D:4:      kennysheep_the_goblin_king, nicolae_overflow_hidden_temple,
          goddamned_bats
D:5:      minmay_statues_item
D:6:      minmay_temple_entry_overgrown
D:7:      lightli_temple_of_fire, serial_shops, shop, nicolae_zen_rock_garden,
          the_bakery, cheibrodos_worm_habitat, uniq_menkaure
D:8:      nicolae_overflow_crystal_walls, kennysheep_mini_moat, uniq_grum
D:9:      amethyst_overflow_temple_binary
D:10:     nicolae_trove_entry_crossroad, uniq_gastronok, uniq_sonja,
          uniq_maurice, uniq_erica
Temple:   circular_temple_12

Action                   |  1- 3 |  4- 6 |  7- 9 | 10-12 || total
-------------------------+-------+-------+-------+-------++-------
Melee: Unarmed           |   106 |   212 |   374 |   147 ||   839
Throw: Stone             |     9 |    23 |    34 |       ||    66
Invok: Minor Destruction |       |       |     8 |    28 ||    36
       Lesser Servant of |       |       |       |     2 ||     2
  Use: Scroll            |     3 |     2 |     5 |     1 ||    11
 Stab: Sleeping          |       |     3 |     9 |     2 ||    14
       Distracted        |       |       |       |     2 ||     2
  Eat: Chunk             |     1 |     7 |    14 |     6 ||    28
